 Dungeon Crawl Stone Soup version 0.20.1-1-g8b1a95d (webtiles) character file.

8736 MovingMist the Protected (level 11, -2/72 HPs)
             Began as a Gargoyle Berserker on Nov 20, 2017.
             Was a High Priest of Trog.
             Slain by an iron troll (12 damage)
             ... on level 9 of the Dungeon.
             The game lasted 00:27:28 (7608 turns).

MovingMist the Protected (Gargoyle Berserker)       Turns: 7608, Time: 00:27:28

Health: -2/72      AC: 22    Str: 22    XL:     11   Next: 35%
Magic:  11/11      EV: 11    Int:  9    God:    Trog [*****.]
Gold:   462        SH:  3    Dex: 14    Spells: 10/10 levels left

rFire    . . .     SeeInvis .   f - +3 battleaxe (freeze)
rCold    . . .     Gourm    .   (shield currently unavailable)
rNeg     + . .     Faith    .   I - +2 chain mail {MR+}
rPois    ∞         Spirit   .   (helmet restricted)
rElec    +         Reflect  +   (no cloak)
rCorr    .         Harm     .   r - +2 pair of gloves
MR       ++++.                  w - +0 pair of boots
Stlth    ..........             e - +3 amulet of reflection
Regen    1.3/turn               K - +2 ring of dexterity
MPRegen  0.2/turn               N - ring of flight

@: berserk cooldown, regenerating, slowed, very slow
A: horns 1, clever 1, deformed body, magic resistance 1, negative energy
resistance 1, electricity resistance, unbreathing, evolution 1, petrification
resistance, no potion heal 1, rot immunity, AC +7
a: Berserk, Trog's Hand, Brothers in Arms, Burn Spellbooks, Renounce Religion,
Evoke Flight


You were on level 9 of the Dungeon.
You worshipped Trog.
Trog was extremely pleased with you.
You were not hungry.

You visited 1 branch of the dungeon, and saw 9 of its levels.
You also visited: Bailey.

You collected 462 gold pieces.

Inventory:

Hand Weapons
 f - a +3 battleaxe of freezing (weapon)
 t - the +1 whip of Tenacity {freeze, Str+6}
   (You found it on level 4 of the Dungeon)

   It has been specially enchanted to freeze those struck by it, causing extra
   injury to most foes and up to half again as much damage against particularly
   susceptible opponents.
   It can also slow down cold-blooded creatures.
   It affects your strength (+6).
Armour
 r - a +2 pair of gloves (worn)
 w - a +0 pair of boots (worn)
 I - a +2 chain mail of magic resistance (worn)
Jewellery
 e - a +3 amulet of reflection (around neck)
 K - a +2 ring of dexterity (left hand)
 N - a ring of flight (right hand)
Wands
 D - a wand of enslavement (11/24)
Scrolls
 b - a scroll of immolation
 h - 2 scrolls of magic mapping {unknown}
 k - 3 scrolls of enchant armour
 m - 3 scrolls of blinking
 n - 7 scrolls of teleportation
 o - a scroll of recharging
 q - 2 scrolls of remove curse
 s - 2 scrolls of enchant weapon {unknown}
 y - a scroll of amnesia {unknown}
 z - 2 scrolls of fear {unknown}
 M - a scroll of fog {unknown}
Potions
 a - 2 potions of magic
 d - 3 potions of agility
 g - 2 potions of degeneration
 i - a potion of cancellation {unknown}
 l - 2 potions of invisibility {unknown}
 x - a potion of lignification {unknown}
 A - a potion of flight {unknown}
 B - a potion of ambrosia {unknown}
 C - a potion of brilliance {unknown}
 F - a potion of curing {unknown}
 G - 2 potions of heal wounds {unknown}
 H - a potion of resistance {unknown}
 J - 2 potions of experience {unknown}
Comestibles
 c - 4 bread rations
 j - 3 fruits
 p - 2 meat rations
 u - 2 royal jellies


   Skills:
 + Level 9.9 Fighting
 + Level 2.5(5.8) Axes
 - Level 9.0(9.2) Maces & Flails
 - Level 11.0 Armour
 * Level 6.2 Dodging


You had 10 spell levels left.
You didn't know any spells.

Dungeon Overview and Level Annotations

Branches:
Dungeon (9/15)             Temple (0/1) D:6
   Lair: D:8-11         Orc: D:9-12

Altars:
Okawaru
Qazlal
Trog
Yredelemnul

Shops:
D:5 [


Innate Abilities, Weirdness & Mutations

You are resistant to torment.
Your stone body is resilient. (AC +7)
You are immune to poison.
You resist negative energy. (rN+)
You are resistant to electric shocks. (rElec)
You can survive without breathing.
You are immune to petrification.
You are immune to rotting.
You have a pair of small horns on your head.
Your mind is acute. (Int +2)
Armour fits poorly on your strangely shaped body.
You are resistant to hostile enchantments. (MR+)
You evolve.
Potions are less effective at restoring your health.


Message History

* * * LOW HITPOINT WARNING * * *
Okay, then.
Your skin crawls.
You feel resistant to hostile enchantments.
You feel quite a bit more hungry.
The orc wizard hits you but does no damage.
The orc wizard mumbles some strange words.
The orc wizard blinks!
The troll misses you. The troll claws you but does no damage.
The troll closely misses you.
You hit the iron troll. You freeze the iron troll.
The iron troll is lightly wounded.
You barely miss the troll. You block the troll's attack.
The troll closely misses you. x2; The iron troll misses you.
The iron troll claws you but does no damage.
The iron troll claws you.
* * * LOW HITPOINT WARNING * * *
The troll bites you but does no damage. The troll claws you.
* * * LOW HITPOINT WARNING * * *
The troll claws you but does no damage. The iron troll bites you!
You die...

#.........#
###'##'##.#
#....#..#.#
#....##.#.#
#.....#.#.#
##.[..#.#.#
#..o..#...#
#..TT###..#
#..@.# #..#
#....# ##.#
######....####.#
#....#...#....>#
#.##.###.#.#####
#.#......#.[.#
#.#..#######.#
#.#### #.÷.#
#....# #.###


You could see an iron troll, a troll and an orc wizard.

Vanquished Creatures
  The ghost of bmj180 the Slasher, a novice MiFi (D:6)
  A deep troll (D:9)
  Pikel (D:5)
  An ugly thing (D:8)
  5 trolls (D:9)
  Prince Ribbit (D:8)
  A hippogriff (D:9)
  2 yaks (D:9)
  A hungry ghost (D:7)
  Menkaure (D:5)
  2 water moccasins (D:6)
  3 orc warriors
  2 sky beasts
  2 black bears (D:7)
  5 ice beasts
  2 ogres
  A centaur (D:6)
  Blork the orc (D:6)
  2 bullfrogs
  4 scorpions
  3 wights (D:9)
  3 howler monkeys (D:8)
  3 crimson imps
  5 orc priests
  4 hounds
  A gnoll shaman (D:5)
  Crazy Yiuf (D:4)
  8 orc wizards
  2 centaur skeletons
  9 worker ants
  A hound skeleton (D:6)
  16 gnolls
  7 adders
  2 shadow imps (D:7)
  2 oozes
  An adder skeleton (D:9)
  A worm (D:6)
  3 dart slugs
  4 leopard geckos
  50 orcs
  5 giant cockroaches
  28 goblins
  13 hobgoblins
  5 jackals
  6 quokkas
  A ball python (D:1)
  6 bats
  5 frilled lizards
  2 gnoll zombies (D:2)
  A jackal skeleton (D:3)
  10 kobolds
  A leopard gecko skeleton (D:7)
  A leopard gecko zombie (D:5)
  A quokka skeleton (D:8)
  7 rats
257 creatures vanquished.

Vanquished Creatures (collateral kills)
  An orc warlord (Bailey)
  The ghost of Britaniac the Carver, a novice DsFi (Bailey)
  An orc knight (Bailey)
  A troll (D:9)
  A hippogriff (D:9)
  9 orc warriors (Bailey)
  A crimson imp (D:9)
  5 gnolls (Bailey)
  5 orcs
  7 goblins (Bailey)
  4 hobgoblins (Bailey)
36 creatures vanquished.

Vanquished Creatures (others)
  3 orcs (D:5)
3 creatures vanquished.

Grand Total: 296 creatures vanquished

Notes
Turn   | Place    | Note
-------+----------+-------------------------------------------
     0 | D:1      | MovingMist the Gargoyle Berserker began the quest for the Orb.
     0 | D:1      | Reached XP level 1. HP: 14/14 MP: 1/1
   129 | D:1      | Reached XP level 2. HP: 8/19 MP: 2/2
   330 | D:1      | Reached ** piety under Trog
   330 | D:1      | Reached XP level 3. HP: 18/23 MP: 3/3
  1040 | D:2      | Found a basalt altar of Yredelemnul.
  1092 | D:2      | Reached XP level 4. HP: 27/29 MP: 4/4
  1433 | D:3      | Reached *** piety under Trog
  1433 | D:3      | Reached XP level 5. HP: 27/33 MP: 5/5
  2090 | D:4      | Got a crystal whip
  2091 | D:4      | Identified the +1 whip of Tenacity {freeze, Str+6} (You found it on level 4 of the Dungeon)
  2119 | D:4      | Found a runed door.
  2539 | D:4      | Reached skill level 3 in Armour
  2539 | D:4      | Reached XP level 6. HP: 32/39 MP: 6/6
  2544 | D:4      | Found an iron altar of Okawaru.
  2629 | D:4      | Noticed Crazy Yiuf
  2636 | D:4      | Killed Crazy Yiuf
  2688 | D:5      | Entered Level 5 of the Dungeon
  2788 | D:5      | Reached **** piety under Trog
  2821 | D:5      | HP: 2/40 [gnoll/halberd of chopping (1)]
  2955 | D:4      | Reached skill level 4 in Armour
  3116 | D:5      | Reached skill level 5 in Fighting
  3121 | D:5      | Reached XP level 7. HP: 33/44 MP: 7/7
  3152 | D:5      | Found Taetecy's Antique Armour Emporium.
  3174 | D:5      | Noticed Menkaure
  3183 | D:5      | Killed Menkaure
  3236 | D:5      | Found a stormy altar of Qazlal.
  3434 | D:5      | Noticed Pikel
  3443 | D:5      | Reached skill level 5 in Maces & Flails
  3443 | D:5      | Reached skill level 5 in Armour
  3460 | D:5      | Killed Pikel
  3460 | D:5      | Reached skill level 6 in Armour
  3460 | D:5      | Reached XP level 8. HP: 48/51 MP: 8/8
  3980 | D:6      | Reached skill level 7 in Armour
  4096 | D:6      | Noticed bmj180's ghost (novice MiFi)
  4137 | D:6      | Killed bmj180's ghost
  4137 | D:6      | Reached skill level 8 in Armour
  4137 | D:6      | Reached XP level 9. HP: 29/57 MP: 9/9
  4173 | D:6      | Found a staircase to the Ecumenical Temple.
  4177 | D:6      | Noticed Blork the orc
  4189 | D:6      | Killed Blork the orc
  4607 | D:6      | Reached skill level 9 in Armour
  4820 | D:7      | Found a flagged portal.
  4841 | Bailey   | Entered a bailey
  4912 | Bailey   | Reached ***** piety under Trog
  4999 | Bailey   | Noticed an orc knight
  5003 | Bailey   | Killed an orc knight
  5013 | Bailey   | Noticed Britaniac's ghost (novice DsFi)
  5019 | Bailey   | Killed Britaniac's ghost
  5114 | Bailey   | Reached skill level 10 in Armour
  5210 | Bailey   | Noticed an orc warlord
  5221 | Bailey   | Killed an orc warlord
  5221 | Bailey   | Reached XP level 10. HP: 23/64 MP: 10/10
  5765 | D:7      | Found a bloodstained altar of Trog.
  5791 | D:7      | Reached skill level 11 in Armour
  6471 | D:7      | Received a gift from Trog
  6517 | D:8      | Noticed a cyan ugly thing
  6539 | D:8      | Killed a cyan ugly thing
  6554 | D:8      | Gained mutation: Your mind is acute. (Int +2) [mutagenic meat]
  6925 | D:8      | Noticed Prince Ribbit
  6942 | D:8      | Killed Prince Ribbit
  7082 | D:9      | Gained mutation: Potions are less effective at restoring your health. [mutagenic meat]
  7083 | D:9      | Gained mutation: You evolve. [mutagenic meat]
  7084 | D:9      | Gained mutation: You are resistant to hostile enchantments. (MR+) [mutagenic meat]
  7085 | D:9      | Gained mutation: Armour fits poorly on your strangely shaped body. [mutagenic meat]
  7086 | D:9      | Gained mutation: You have a pair of small horns on your head. [mutagenic meat]
  7115 | D:9      | Reached skill level 5 in Dodging
  7115 | D:9      | Reached XP level 11. HP: 71/71 MP: 11/11
  7321 | D:9      | Reached skill level 1 in Axes
  7344 | D:9      | Noticed a deep troll
  7347 | D:9      | Killed a deep troll
  7587 | D:9      | Noticed an iron troll
  7608 | D:9      | Slain by an iron troll

Skill      XL: |  1  2  3  4  5  6  7  8  9 10 11 |
---------------+----------------------------------+-----
Dodging        | 2 5 6 |  6.2
Fighting       | 4 5 6 7 8 9 |  9.9
Maces & Flails | 4 5 6 7 8 9 |  9.0
Armour         | 3 4 6 8 10 11 | 11.0
Axes           | 2 |  2.5

Action                   |  1- 3 |  4- 6 |  7- 9 | 10-12 || total
-------------------------+-------+-------+-------+-------++-------
Melee: Mace              |   153 |   112 |       |       ||   265
       War axe           |       |    48 |       |       ||    48
       Whip              |       |   117 |   427 |   426 ||   970
       Headbutt          |       |       |       |    20 ||    20
       Battleaxe         |       |       |       |    49 ||    49
Invok: Brothers in Arms  |       |       |     2 |     1 ||     3
       Trog's Hand       |       |       |     1 |     2 ||     3
       Berserk           |       |       |       |     1 ||     1
  Use: Scroll            |     3 |     3 |     1 |     5 ||    12
 Stab: Distracted        |       |       |       |     1 ||     1
  Eat: Chunk             |     1 |     7 |     8 |    21 ||    37
       Bread ration      |       |       |       |     1 ||     1
Armor: Animal skin       |    47 |       |       |       ||    47
       Ring mail         |    28 |    52 |       |       ||    80
       Chain mail        |       |    85 |     4 |   317 ||   406
       Plate armour      |       |       |   235 |       ||   235
Dodge: Dodged            |   123 |   139 |   198 |   242 ||   702
Block: Other             |     2 |    41 |    51 |    53 ||   147
       Reflection        |       |     1 |       |     1 ||     2
